 Dungeon Crawl Stone Soup version 0.21-a0-344-g2144152 (webtiles) character file.

4 tin111 the Fighter (level 1, 0/26 HPs)
             Began as a Gnoll Wanderer on Oct 4, 2017.
             Shot with a sling bullet by a hobgoblin (4 damage)
             ... on level 1 of the Dungeon.
             The game lasted 00:01:30 (754 turns).

tin111 the Fighter (Gnoll Wanderer)                  Turns: 754, Time: 00:01:30

Health: 0/26       AC:  2    Str: 13    XL:     1   Next: 70%
Magic:  1/1        EV: 14    Int: 14    God:
Gold:   7          SH:  0    Dex: 15    Spells: 0/0 levels left

rFire    . . .     SeeInvis .   a - +2 quarterstaff
rCold    . . .     Gourm    .   (shield currently unavailable)
rNeg     . . .     Faith    .   d - +0 robe
rPois    .         Spirit   .   (no helmet)
rElec    .         Reflect  .   (no cloak)
rCorr    .         Harm     .   (no gloves)
MR       .....                  (no boots)
Stlth    +++.......             (no amulet)
HPRegen  0.08/turn              (no ring)
MPRegen  0.07/turn              (no ring)

@: no status effects
A: distributed training, fangs 1, strong nose
a: no special abilities


You were on level 1 of the Dungeon.
You were not hungry.

You visited 1 branch of the dungeon, and saw 1 of its levels.

You collected 7 gold pieces.

Inventory:

Hand Weapons
 a - a +2 quarterstaff (weapon)
 e - a +0 dagger
Armour
 d - a +0 robe (worn)
Scrolls
 c - 2 scrolls of teleportation
 g - a scroll of blinking {unknown}
 h - a scroll of identify {unknown}
 j - a scroll of noise {unknown}
Potions
 b - 3 potions of curing
Comestibles
 f - a bread ration


   Skills:
 + Level 8.4 Fighting
 + Level 0.1 Short Blades
 + Level 0.1 Long Blades
 + Level 0.1 Axes
 + Level 0.1 Maces & Flails
 + Level 0.1 Polearms
 + Level 2.4 Staves
 + Level 0.1 Slings
 + Level 0.1 Bows
 + Level 0.1 Crossbows
 + Level 0.1 Throwing
 + Level 0.1 Armour
 + Level 4.4 Dodging
 + Level 4.0 Stealth
 + Level 2.4 Shields
 + Level 0.1 Unarmed Combat
 + Level 0.1 Spellcasting
 + Level 0.1 Conjurations
 + Level 0.1 Hexes
 + Level 0.1 Charms
 + Level 0.1 Summonings
 + Level 0.1 Necromancy
 + Level 0.1 Translocations
 + Level 0.1 Transmutations
 + Level 0.1 Fire Magic
 + Level 0.1 Ice Magic
 + Level 0.1 Air Magic
 + Level 0.1 Earth Magic
 + Level 0.1 Poison Magic
 + Level 0.1 Invocations
 + Level 0.1 Evocations


You couldn't memorise any spells.
You didn't know any spells.

Dungeon Overview and Level Annotations

Branches:
Dungeon (1/15)

Altars:


Innate Abilities, Weirdness & Mutations

Your experience applies equally to all skills.
You have very sharp teeth.
Your uncanny sense of smell can sniff out nearby items.


Message History

The bat hits you but does no damage. The bat closely misses you.
The bat hits you but does no damage.
A hobgoblin comes into view. It is wielding a club.
The bat closely misses you. The bat hits you but does no damage.
The hobgoblin unwields an uncursed club.
The hobgoblin wields a runed hunting sling.
The hobgoblin shoots a sling bullet.
The sling bullet hits you.
* * * LOW HITPOINT WARNING * * *
The bat barely misses you. The bat closely misses you. The bat misses you.
The bat barely misses you.
The hobgoblin shoots a sling bullet.
The sling bullet misses you. The bat closely misses you. The bat hits you.
* * * LOW HITPOINT WARNING * * *
The hobgoblin shoots a sling bullet.
The sling bullet hits you.
You die...

#.##)####
... #.#
#.### #.#
# #.# #.#
#.# #g#
#.#####.#
......b@#
#.#######


You could see a hobgoblin and a bat.

Vanquished Creatures
  A goblin (D:1)
  3 kobolds (D:1)
4 creatures vanquished.

Notes
Turn   | Place    | Note
-------+----------+-------------------------------------------
     0 | D:1      | tin111 the Gnoll Wanderer began the quest for the Orb.
     0 | D:1      | tin111 set off with: a +2 quarterstaff, a potion of curing, a scroll of teleportation, a +0 robe, a +0 dagger, a bread ration
     0 | D:1      | Reached XP level 1. HP: 26/26 MP: 1/1
   754 | D:1      | Shot with a sling bullet by a hobgoblin

Vault maps used:
D:1:      dpeg_arrival_pits

Action                   || total
-------------------------++-------
Melee: Quarterstaff      ||     7
 Stab: Sleeping          ||     1
Armor: Robe              ||   157
Dodge: Dodged            ||   410

Table legend:
 A = Spawn XP
 B = Non-spawn XP
 C = Spawn XP percentage of total XP
 D = Spawn monster count
 E = Non-spawn monster count
 F = Spawn count percentage of total count
 G = Total turns spent on level
                    A         B        C        D         E        F      G
               +---------+---------+-------+---------+---------+-------+---------
         Total |       0 |       7 |   0.0 |       0 |       4 |   0.0 |   754
               +---------+---------+-------+---------+---------+-------+---------
           D:1 |       0 |       7 |   0.0 |       0 |       4 |   0.0 |   754
               +---------+---------+-------+---------+---------+-------+---------
